[Event "fics rated crazyhouse match"]
[Site "fics, Oklahoma City, OK USA"]
[Date "2000.12.25"]
[White "Gnejs"]
[WhiteElo "2475"]
[Black "pminear"]
[BlackElo "2593"]
[TimeControl "120+0"]
[Result "1-0"]

1. d4 Nf6 2. Bf4 d5 3. e3 Bf5 4. Nf3 e6 5. Nbd2 Be7 6. Be2 
O-O 7. O-O Ne4 8. Nxe4 dxe4 9. Ne5 f6 10. Ng4 N@h4 11. f3 Bxg4 
12. fxg4 Nxg2 13. Kxg2 P@f3+ 14. Rxf3 exf3+ 15. Bxf3 N@h4+ 16. Kh1 Nxf3 17. Qxf3 
B@c6 18. P@e4 f5 19. gxf5 exf5 20. B@e6+ Kh8 21. P@h6 Bf6 22. hxg7+ Bxg7 
23. P@h6 Qf6 24. N@f7+ Rxf7 25. Bxf7 Qxf7 26. N@e5 N@f2+ 27. Qxf2 Bxe4+ 28. P@f3 
Qd5 29. hxg7+ Kxg7 30. N@h5+ Kf8 31. fxe4 Qxe4+ 32. B@g2 P@h3 33. R@c8+ Ke7 
34. Bxe4 fxe4 35. Q@f8+ Ke6 36. B@c4+ P@d5 37. Ng7# 
{pminear checkmated} 1-0

[Event "fics rated crazyhouse match"]
[Site "fics, Oklahoma City, OK USA"]
[Date "2000.12.25"]
[White "pminear"]
[WhiteElo "2582"]
[Black "Gnejs"]
[BlackElo "2486"]
[TimeControl "120+0"]
[Result "1-0"]

1. e4 e6 2. Nc3 b6 3. d4 Bb7 4. Bd3 Nc6 5. Nf3 Nb4 6. Bg5 
Nxd3+ 7. cxd3 B@e7 8. Bxe7 Nxe7 9. B@h4 Qc8 10. N@h5 Ng6 11. Bg5 B@g4 
12. Ng3 h6 13. Be3 Bxf3 14. gxf3 N@g2+ 15. Kd2 Nxe3 16. fxe3 c5 17. Nb5 
B@b8 18. Rc1 a6 19. Na3 cxd4 20. Rxc8+ Bxc8 21. exd4 P@c5 22. Nc2 cxd4 
23. Nxd4 Bc5 24. P@c3 Bf4+ 25. P@e3 Bc7 26. Nh5 Rh7 27. N@f6+ gxf6 28. Nxf6+ 
Ke7 29. Nxh7 Bb7 30. B@f6+ Ke8 31. R@g8+ N@f8 32. Nxf8 R@g2+ 33. P@e2 P@g7 
34. Nxg6# 
{Gnejs resigns} 1-0

[Event "fics rated crazyhouse match"]
[Site "fics, Oklahoma City, OK USA"]
[Date "2000.12.25"]
[White "Gnejs"]
[WhiteElo "2480"]
[Black "pminear"]
[BlackElo "2588"]
[TimeControl "120+0"]
[Result "1-0"]

1. d4 Nf6 2. Bf4 e6 3. e3 Be7 4. Nd2 Nc6 5. Bd3 d5 6. c3 
Bd7 7. Ngf3 O-O 8. Ne5 Be8 9. Qc2 a6 10. f3 b5 11. g4 Nxe5 
12. dxe5 N@g2+ 13. Kd1 Nxf4 14. exf4 B@g6 15. Bxg6 fxg6 16. exf6 Bxf6 17. B@g3 
P@e3 18. Nb3 B@c4 19. g5 e2+ 20. Kd2 Bxg5 21. fxg5 Qxg5+ 22. B@e3 P@f4 
23. Bgxf4 Rxf4 24. N@h3 B@d3 25. Nxg5 Bxc2 26. N@e7+ Kf8 27. Q@g8+ Kxe7 28. Qxe6+ 
Kd8 29. P@e7# 
{pminear checkmated} 1-0

[Event "fics rated crazyhouse match"]
[Site "fics, Oklahoma City, OK USA"]
[Date "2000.12.25"]
[White "pminear"]
[WhiteElo "2578"]
[Black "Gnejs"]
[BlackElo "2490"]
[TimeControl "120+0"]
[Result "1-0"]

1. e4 e6 2. Nc3 Nc6 3. d4 Bb4 4. a3 Ba5 5. Be3 Nf6 6. Bd3 
d5 7. e5 Ne4 8. Bxe4 dxe4 9. N@h5 Rg8 10. Nh3 B@f5 11. N3f4 Bg6 
12. Nxg6 fxg6 13. Nxg7+ Rxg7 14. B@f6 Rf7 15. Bxd8 Nxd8 16. P@f6 N@h4 17. Qg4 
Bxc3+ 18. bxc3 N@f3+ 19. Kd1 Nxg2 20. Qxg2 B@h5 21. N@g7+ Rxg7 22. fxg7 Nxe5+ 
23. f3 Kd7 24. dxe5 Bxf3+ 25. Qxf3 exf3 26. B@e8+ Kxe8 27. Q@f8+ Kd7 28. B@e8# 
{Gnejs checkmated} 1-0

[Event "fics rated crazyhouse match"]
[Site "fics, Oklahoma City, OK USA"]
[Date "2000.12.25"]
[White "Gnejs"]
[WhiteElo "2484"]
[Black "pminear"]
[BlackElo "2584"]
[TimeControl "120+0"]
[Result "1-0"]

1. d4 Nf6 2. Nf3 e6 3. Bf4 d5 4. e3 Bb4+ 5. c3 Be7 6. Nbd2 
Ne4 7. Bd3 f5 8. Ne5 O-O 9. O-O Nd7 10. f3 Nxd2 11. Qxd2 Nxe5 
12. Bxe5 N@f6 13. N@g5 N@h6 14. N@f4 Qd7 15. Nfxe6 Qxe6 16. Nxe6 Bxe6 17. P@g5 
N@g6 18. gxh6 gxh6 19. Bxf6 Bxf6 20. N@h5 P@g7 21. Nxf6+ gxf6 22. N@h5 B@h8 
23. B@h3 N@d6 24. Nxf6+ Bxf6 25. P@e5 Nxe5 26. dxe5 Bxe5 27. f4 Bg7 28. N@h5 
N@e4 29. Nxg7 Nxd2 30. Nxe6 P@g7 31. Bhxf5 Nxf5 32. Bxf5 N@e2+ 33. Kh1 P@f2 
34. Bxh7+ Kxh7 35. P@g6+ Kxg6 36. N@e5+ Kf6 37. B@h4+ P@g5 38. B@e7+ Kf5 39. g4+ 
Ke4 40. Q@d3# 
{pminear checkmated} 1-0

[Event "fics rated crazyhouse match"]
[Site "fics, Oklahoma City, OK USA"]
[Date "2000.12.25"]
[White "pminear"]
[WhiteElo "2574"]
[Black "Gnejs"]
[BlackElo "2494"]
[TimeControl "120+0"]
[Result "1-0"]

1. e4 e6 2. Nc3 Nf6 3. e5 Nd5 4. Nxd5 exd5 5. d4 Nc6 6. Nf3 
d6 7. Bb5 Be7 8. Qe2 O-O 9. Bxc6 bxc6 10. exd6 Bxd6 11. P@e5 Bb4+ 
12. Bd2 Bxd2+ 13. Qxd2 N@e4 14. Qe3 B@a5+ 15. B@d2 Nxd2 16. Nxd2 Bxd2+ 17. Qxd2 
N@e4 18. Qe2 B@g4 19. B@f3 B@a5+ 20. c3 P@a3 21. Bxg4 axb2 22. O-O bxa1=Q 
23. Rxa1 Nxc3 24. Qf3 P@b2 25. Rf1 Bxg4 26. Qxg4 R@g5 27. N@h6+ gxh6 28. N@f6+ 
Qxf6 29. exf6 N@h3+ 30. Kh1 Nxf2+ 31. Rxf2 b1=Q+ 32. B@f1 B@d6 33. Q@g7# 
{Gnejs resigns} 1-0

[Event "fics rated crazyhouse match"]
[Site "fics, Oklahoma City, OK USA"]
[Date "2000.12.25"]
[White "Gnejs"]
[WhiteElo "2488"]
[Black "pminear"]
[BlackElo "2580"]
[TimeControl "120+0"]
[Result "1-0"]

1. d4 e6 2. Bf4 Nf6 3. e3 Be7 4. Nf3 d6 5. Nbd2 O-O 6. Bd3 
Bd7 7. Qe2 Nd5 8. Bg3 f5 9. c3 Be8 10. O-O Bh5 11. Rae1 Nf6 
12. e4 fxe4 13. Nxe4 Nxe4 14. Bxe4 d5 15. Bxh7+ Kxh7 16. Ng5+ Bxg5 17. Qxh5+ 
N@h6 18. Rxe6 P@f7 19. B@b1+ Kh8 20. Qxf7 Rxf7 21. N@g6+ Kg8 22. P@h7+ Kxh7 
23. Nf8+ Kg8 24. P@h7+ Kh8 25. Rxh6 gxh6 26. N@g6+ Kg7 27. h8=Q# 
{pminear checkmated} 1-0

[Event "fics rated crazyhouse match"]
[Site "fics, Oklahoma City, OK USA"]
[Date "2000.12.25"]
[White "pminear"]
[WhiteElo "2570"]
[Black "Gnejs"]
[BlackElo "2498"]
[TimeControl "120+0"]
[Result "0-1"]

1. e4 e6 2. Nc3 d6 3. d4 Nf6 4. Nf3 Be7 5. Bd3 Nc6 6. e5 
Ng4 7. exd6 cxd6 8. Qe2 Nb4 9. h3 Nxd3+ 10. cxd3 Nf6 11. P@e5 B@c6 
12. exf6 Bxf3 13. fxe7 Qxe7 14. gxf3 P@g2 15. Rg1 P@h2 16. B@a4+ Bd7 17. Bxd7+ 
Qxd7 18. Rxg2 h1=Q+ 19. B@f1 N@h4 20. Rxg7 Nxf3+ 21. Kd1 B@f6 22. B@a4 P@c6 
23. Rg3 Nxd4 24. P@g7 Rg8 25. N@h5 Nxe2 26. Nxf6+ Kd8 27. Nxe2 Qxf1+ 28. B@e1 
Qxe2+ 29. Kxe2 N@d4+ 30. Kf1 Q@e2+ 31. Kg2 B@f3+ 32. Kh2 Qxe1 33. P@g2 Qxf2 
34. Nxd7 Qxg3+ 35. Kxg3 P@h4+ 36. Kxh4 B@f2+ 37. g3 R@h5# 
{pminear checkmated} 0-1

[Event "fics rated crazyhouse match"]
[Site "fics, Oklahoma City, OK USA"]
[Date "2000.12.25"]
[White "Gnejs"]
[WhiteElo "2508"]
[Black "pminear"]
[BlackElo "2560"]
[TimeControl "120+0"]
[Result "1-0"]

1. d4 e6 2. Bf4 Nf6 3. e3 Be7 4. Nf3 Nd5 5. Bg3 d6 6. Nbd2 
O-O 7. c3 f5 8. Bd3 Bd7 9. Qe2 Be8 10. O-O Nc6 11. Rae1 Bg6 
12. a3 a6 13. c4 Nf6 14. b4 Ne4 15. Rc1 Nb8 16. Ne1 Nxd2 17. Qxd2 
N@b3 18. Qc2 Nxc1 19. Qxc1 a5 20. b5 Nd7 21. N@f4 Rf6 22. Bh4 Nf8 
23. Nf3 R@g4 24. Bg3 Bf7 25. Re1 Rh6 26. h3 Rgg6 27. Nxg6 Nxg6 28. e4 
f4 29. Bxf4 Nxf4 30. Qxf4 B@g5 31. Qxf7+ Kxf7 32. N@e5+ dxe5 33. Nxe5+ Kf8 
34. R@h8+ N@g8 35. P@f7 N@f6 36. fxg8=Q+ Nxg8 37. P@f7 P@h2+ 38. Kh1 Q@g1+ 39. Rxg1 
hxg1=Q+ 40. Kxg1 R@d1+ 41. B@f1 Bef6 42. fxg8=Q+ Ke7 43. Q@c5+ Qd6 44. Qf7# 
{pminear checkmated} 1-0

[Event "fics rated crazyhouse match"]
[Site "fics, Oklahoma City, OK USA"]
[Date "2000.12.25"]
[White "pminear"]
[WhiteElo "2551"]
[Black "Gnejs"]
[BlackElo "2517"]
[TimeControl "120+0"]
[Result "0-1"]

1. e4 e6 2. Nc3 Nc6 3. d4 d6 4. Nf3 Be7 5. Bd3 Nf6 6. e5 
Ng4 7. exd6 cxd6 8. Qe2 Nb4 9. O-O Nxd3 10. cxd3 B@c6 11. N@h5 Rg8 
12. P@e4 Nf6 13. Nf4 P@g4 14. Ng5 e5 15. Nxf7 Kxf7 16. P@e6+ Kf8 17. dxe5 
dxe5 18. P@f7 Rh8 19. Nfd5 Bxe6 20. Nxf6 Bxf6 21. N@f5 P@f3 22. gxf3 N@h3+ 
23. Kh1 P@g2+ 24. Kxg2 N@f4+ 25. Kh1 Nxe2 26. Nxe2 gxf3 
{pminear resigns} 0-1

[Event "fics rated crazyhouse match"]
[Site "fics, Oklahoma City, OK USA"]
[Date "2000.12.25"]
[White "Gnejs"]
[WhiteElo "2526"]
[Black "pminear"]
[BlackElo "2542"]
[TimeControl "120+0"]
[Result "1-0"]

1. d4 e6 2. Bf4 Nf6 3. e3 Be7 4. Nf3 d6 5. Nbd2 O-O 6. Bd3 
Bd7 7. c3 Nd5 8. Bg3 f5 9. Qe2 Be8 10. O-O Bg6 11. a3 Nf6 
12. Ne1 Nc6 13. f4 Qe8 14. Nef3 Nd8 15. Ng5 Bh5 16. Qe1 Ng4 17. Ndf3 
h6 18. Nh3 Nxe3 19. Qxe3 P@g4 20. Nhg5 hxg5 21. Nxg5 Bxg5 22. fxg5 N@d5 
23. Qe2 N@e3 24. N@f4 Nxf4 25. Bxf4 Nxg2 26. Qxg2 P@f3 27. Qg3 N@h3+ 28. Kh1 
Nf7 29. Rxf3 gxf3 30. Qxh3 Nxg5 31. Bxg5 P@g2+ 32. Kg1 R@h1+ 33. Kf2 Rxa1 
34. P@h7+ Kxh7 35. B@e1 Rxe1 36. Kxe1 g1=Q+ 37. N@f1 f2+ 38. Kd2 R@d1+ 39. Kc2 
Qa4+ 40. b3 B@b1+ 41. Kb2 Qg4 42. P@g6+ Kxg6 43. N@e7+ Kf7 44. N@e5+ dxe5 
45. N@h8+ Ke8 46. Qxh5+ Kd7 47. R@c8 Kd6 48. B@b5 Qxb3+ 49. Kxb3 exd4 50. Kb4 
Ke5 51. Q@d5# 
{pminear forfeits on time} 1-0

[Event "fics rated crazyhouse match"]
[Site "fics, Oklahoma City, OK USA"]
[Date "2000.12.26"]
[White "Gnejs"]
[WhiteElo "2526"]
[Black "pminear"]
[BlackElo "2542"]
[TimeControl "120+0"]
[Result "0-1"]

1. d4 Nf6 2. Nf3 e6 3. Bf4 Be7 4. e3 Nc6 5. Nbd2 O-O 6. c3 
Nd5 7. Bg3 f5 8. Bd3 d6 9. a3 Bd7 10. Qc2 Be8 11. e4 fxe4 
12. Bxe4 P@f5 13. Bxd5 exd5 14. N@e6 Qd7 15. Nxf8 Bxf8 16. R@e2 N@e4 17. P@d3 
Nxd2 18. Nxd2 B@f7 19. Nf3 N@e4 20. N@g5 Be7 21. Nxf7 Bxf7 22. B@h3 N@g5 
23. dxe4 dxe4 24. Nxg5 Bxg5 25. Rxe4 P@d2+ 26. Kf1 fxe4 27. Bxd7 Bc4+ 28. P@e2 
Bxe2+ 29. Kg1 R@e1+ 30. N@f1 Bxf1 31. Be6+ P@f7 32. Bxf7+ Kh8 33. Qxd2 N@f3+ 
34. gxf3 N@h3# 
{Gnejs checkmated} 0-1

[Event "fics rated crazyhouse match"]
[Site "fics, Oklahoma City, OK USA"]
[Date "2000.12.26"]
[White "pminear"]
[WhiteElo "2550"]
[Black "Gnejs"]
[BlackElo "2518"]
[TimeControl "120+0"]
[Result "1-0"]

1. e4 Nc6 2. Nc3 e6 3. d4 d5 4. exd5 exd5 5. Bb5 Nf6 6. Qe2+ 
Be7 7. Nf3 O-O 8. Bxc6 bxc6 9. Ne5 Bd7 10. P@h6 gxh6 11. Bxh6 P@b4 
12. Bxf8 Qxf8 13. P@g5 bxc3 14. bxc3 B@g4 15. N@h6+ Kg7 16. gxf6+ Bxf6 17. Nhxg4 
B@b2 18. B@h6+ Kh8 19. Bxf8 Bxc3+ 20. Kf1 Rxf8 21. Nxf6 B@g7 22. R@g8# 
{Gnejs resigns} 1-0

[Event "fics rated crazyhouse match"]
[Site "fics, Oklahoma City, OK USA"]
[Date "2000.12.26"]
[White "Gnejs"]
[WhiteElo "2511"]
[Black "pminear"]
[BlackElo "2557"]
[TimeControl "120+0"]
[Result "1-0"]

1. d4 Nf6 2. Bf4 e6 3. e3 Be7 4. Nf3 Nc6 5. Nbd2 d6 6. c3 
Bd7 7. Bd3 Nd5 8. Bg3 f5 9. Qc2 O-O 10. O-O Be8 11. Rfe1 Nf6 
12. e4 fxe4 13. Nxe4 Nxe4 14. Bxe4 P@f5 15. Bd3 Bf7 16. d5 exd5 17. Bxf5 
P@e4 18. P@e6 Bh5 19. P@f7+ Kh8 20. Rxe4 dxe4 21. Qxe4 N@f6 22. Qh4 Ne5 
23. Bxe5 dxe5 24. Qxh5 Nxh5 25. Bxh7 R@g4 26. N@g6+ Rxg6 27. Bxg6 
{pminear resigns} 1-0

[Event "fics rated crazyhouse match"]
[Site "fics, Oklahoma City, OK USA"]
[Date "2000.12.26"]
[White "pminear"]
[WhiteElo "2548"]
[Black "Gnejs"]
[BlackElo "2520"]
[TimeControl "120+0"]
[Result "0-1"]

1. e4 Nf6 2. e5 Ng8 3. Nf3 d6 4. d4 Nc6 5. Bb5 e6 6. O-O 
Bd7 7. Bxc6 Bxc6 8. exd6 cxd6 9. Re1 B@d5 10. Nbd2 P@g4 11. P@e4 Bxe4 
12. Nxe4 gxf3 13. Qxf3 P@f5 14. B@h5 N@g6 15. Bxg6 hxg6 16. N@g5 Bxe4 17. Rxe4 
B@d5 18. B@a4+ N@c6 19. Nxf7 fxe4 20. Nxd8 exf3 21. P@f7+ Kxd8 22. Q@e8+ Kc7 
23. N@b5+ Kb6 24. P@c5+ Ka5 25. Bd2+ Kxa4 26. Nc3+ Kb4 27. Nxd5+ Kc4 28. B@b3+ 
Kxd4 29. Bc3+ Kxc5 30. Qxc6+ Kxc6 
{pminear forfeits on time} 0-1

[Event "fics rated crazyhouse match"]
[Site "fics, Oklahoma City, OK USA"]
[Date "2000.12.26"]
[White "Gnejs"]
[WhiteElo "2529"]
[Black "pminear"]
[BlackElo "2539"]
[TimeControl "120+0"]
[Result "0-1"]

1. d4 Nf6 2. Bf4 e6 3. e3 Be7 4. Nf3 d6 5. Nbd2 O-O 6. Bd3 
Bd7 7. c3 Nd5 8. Bg3 f5 9. Qc2 Be8 10. e4 fxe4 11. Nxe4 P@f5 
12. Ned2 Bg6 13. O-O Qe8 14. Rfe1 Bf6 15. Bxf5 exf5 16. Rxe8 Rxe8 17. P@h5 
Bxh5 18. Qxf5 B@f7 19. P@g5 Bxf3 20. Nxf3 P@e2 21. P@e6 Rxe6 22. Qxe6 Bxe6 
23. Q@e8+ N@f8 24. R@h8+ Kxh8 25. Qxf8+ R@g8 26. gxf6 R@f1+ 27. Rxf1 exf1=Q+ 28. Kxf1 
Q@d1+ 29. R@e1 R@h1# 
{Gnejs resigns} 0-1

[Event "fics rated crazyhouse match"]
[Site "fics, Oklahoma City, OK USA"]
[Date "2000.12.26"]
[White "pminear"]
[WhiteElo "2547"]
[Black "Gnejs"]
[BlackElo "2521"]
[TimeControl "120+0"]
[Result "0-1"]

1. e4 e6 2. Nc3 Nc6 3. d4 d6 4. Nf3 Nf6 5. d5 Ne7 6. dxe6 
Bxe6 7. Ng5 Bd7 8. Bc4 P@e6 9. P@f5 Nxf5 10. exf5 Qe7 11. fxe6 fxe6 
12. Nxh7 Rxh7 13. P@f7+ Kd8 14. P@g5 Nd5 15. Bxd5 exd5+ 16. Qe2 Qxf7 17. N@a5 
B@a6 18. Nxb7+ Bxb7 19. g6 N@d4 20. gxf7 Nxe2 21. N@e6+ Ke7 22. Nxe2 Bxe6 
23. Bg5+ P@f6 24. P@g6 fxg5 25. gxh7 B@a5+ 26. N@d2 Bxd2+ 27. Kf1 P@f3 28. R@e8+ 
Rxe8 29. fxe8=Q+ Kxe8 30. Q@h5+ Q@f7 31. Qxf7+ Bxf7 32. R@b8+ R@d8 33. Rxd8+ Kxd8 
34. R@b8+ R@c8 35. Rxc8+ Bxc8 36. Q@b5 fxg2+ 37. Kxg2 P@f3+ 38. Kxf3 Q@e4# 
{pminear resigns} 0-1

[Event "fics rated crazyhouse match"]
[Site "fics, Oklahoma City, OK USA"]
[Date "2000.12.26"]
[White "Gnejs"]
[WhiteElo "2530"]
[Black "pminear"]
[BlackElo "2538"]
[TimeControl "120+0"]
[Result "0-1"]

1. d4 e6 2. Nf3 Nf6 3. Bg5 Be7 4. e3 d6 5. Nbd2 O-O 6. Bd3 
Nd5 7. Bxe7 Qxe7 8. c3 f5 9. Qe2 B@g6 10. O-O Nf6 11. B@h4 Nc6 
12. Rfe1 Nd8 13. c4 Nf7 14. Rac1 Nh6 15. Ng5 Nhg4 16. f3 Nxh2 17. Kxh2 
h6 18. Qf2 hxg5 19. Bxg5 N@g4+ 20. fxg4 Nxg4+ 21. Kg1 P@h2+ 22. Kf1 h1=Q+ 
23. Ke2 Nxf2 24. Bxe7 Nxd3 25. Rxh1 Nxc1+ 26. Rxc1 P@d3+ 27. Kxd3 B@e4+ 28. Kc3 
Q@d3+ 29. Kb4 a5+ 30. Kb5 R@b4# 
{Gnejs checkmated} 0-1

[Event "fics rated crazyhouse match"]
[Site "fics, Oklahoma City, OK USA"]
[Date "2000.12.26"]
[White "pminear"]
[WhiteElo "2546"]
[Black "Gnejs"]
[BlackElo "2522"]
[TimeControl "120+0"]
[Result "0-1"]

1. e4 e6 2. Nc3 Nc6 3. d4 Nf6 4. e5 Nd5 5. Nxd5 exd5 6. Nf3 
d6 7. Bb5 Be7 8. Qe2 O-O 9. Bxc6 bxc6 10. exd6 cxd6 11. P@h6 g6 
12. N@e5 B@a6 13. N@d3 N@b4 14. Nxc6 Nxc6 15. P@g7 Re8 16. O-O P@e4 17. Nde5 
exf3 18. Nxc6 fxe2 19. Be3 exf1=Q+ 20. Rxf1 Q@e2 21. Ra1 
{pminear resigns} 0-1

[Event "fics rated crazyhouse match"]
[Site "fics, Oklahoma City, OK USA"]
[Date "2000.12.26"]
[White "Gnejs"]
[WhiteElo "2531"]
[Black "pminear"]
[BlackElo "2537"]
[TimeControl "120+0"]
[Result "1-0"]

1. d4 Nf6 2. Nf3 e6 3. Bf4 Be7 4. e3 d6 5. Nbd2 Nd5 6. Bg3 
f5 7. Bd3 O-O 8. Qe2 Bd7 9. c3 Be8 10. e4 fxe4 11. Bxe4 P@f5 
12. Bxd5 exd5 13. Qe6+ Kh8 14. Qxd5 B@c6 15. Qb3 Bxf3 16. Nxf3 N@d3+ 17. Kd2 
Bg6 18. Kxd3 f4+ 19. Kd2 fxg3 20. hxg3 d5 21. P@h6 gxh6 22. Rxh6 B@g5+ 
23. B@e3 Bxh6 24. Bxh6 Rxf3 25. gxf3 Bg5+ 26. B@e3 Bxe3+ 27. fxe3 N@c4+ 28. Qxc4 
R@c2+ 29. Ke1 P@d2+ 30. Kd1 B@e2+ 31. Qxe2 Rc1+ 32. Rxc1 
{pminear forfeits on time} 1-0

[Event "fics rated crazyhouse match"]
[Site "fics, Oklahoma City, OK USA"]
[Date "2000.12.26"]
[White "pminear"]
[WhiteElo "2529"]
[Black "Gnejs"]
[BlackElo "2539"]
[TimeControl "120+0"]
[Result "0-1"]

1. e4 e6 2. Nc3 Nc6 3. d4 Nf6 4. e5 Nd5 5. Nxd5 exd5 6. Nf3 
d6 7. Bb5 Be7 8. N@h5 Rg8 9. Nxg7+ Rxg7 10. P@f6 Bxf6 11. exf6 Qxf6 
12. Qe2+ P@e4 13. Bxc6+ bxc6 14. N@h5 Qg6 15. Nxg7+ Qxg7 16. B@g5 f6 17. Bxf6 
Qxf6 18. Bg5 B@a5+ 19. Kd1 Qg6 20. P@f7+ Kxf7 21. R@f6+ Qxf6 22. Bxf6 Kxf6 
23. Ne5 dxe5 24. dxe5+ Kxe5 25. f4+ Ke6 26. Qg4+ Kd6 27. Q@f8+ P@e7 28. P@e5+ 
Kc5 29. Qxe7+ Kb6 30. P@c5+ Ka6 31. Qe2+ B@c4 32. Qxc4+ dxc4 33. B@c3 B@f3+ 
34. gxf3 Q@d3+ 35. cxd3 R@b1+ 36. Kd2 N@f2 37. Ke3 N@e1 38. Kd4 N@c2# 
{pminear forfeits on time} 0-1

[Event "fics rated crazyhouse match"]
[Site "fics, Oklahoma City, OK USA"]
[Date "2000.12.26"]
[White "VampireGod"]
[WhiteElo "2296"]
[Black "marcusm"]
[BlackElo "2360"]
[TimeControl "180+0"]
[Result "0-1"]

1. e4 Nf6 2. Nc3 Nc6 3. d4 e6 4. e5 Nd5 5. Nf3 Bb4 6. Bd2 
d6 7. Bd3 Nxd4 8. Nxd4 dxe5 9. Nf3 Bxc3 10. bxc3 N@b2 11. Qe2 Nxd3+ 
12. cxd3 P@b2 13. Rb1 B@c6 14. Rxb2 Nf4 15. Bxf4 exf4 16. N@h5 Rg8 17. P@f6 
gxf6 18. N@g7+ Kf8 19. B@h6 Bxf3 20. Nxe6+ Ke7 21. N@f5+ Kd7 22. Nc5+ Kc6 
23. Qxf3+ B@d5 24. B@b5+ Kxc5 25. d4+ Kb6 26. P@c5+ Ka5 27. Qxd5 Qxd5 28. B@b4+ 
Kxb5 29. a4+ Kxa4 30. Nxf4 Qe4+ 31. Ne3 Q@c1+ 32. Ke2 Qxb2+ 33. P@c2 P@d3+ 
34. Nxd3 Qxc2+ 35. Kf1 Qexd3+ 36. Kg1 R@f1+ 37. Nxf1 N@e2# 
{VampireGod checkmated} 0-1

[Event "fics rated crazyhouse match"]
[Site "fics, Oklahoma City, OK USA"]
[Date "2000.12.26"]
[White "marcusm"]
[WhiteElo "2367"]
[Black "VampireGod"]
[BlackElo "2289"]
[TimeControl "180+0"]
[Result "0-1"]

1. e4 e6 2. d4 Nc6 3. Nf3 Nf6 4. e5 Ne4 5. Bd3 d5 6. exd6 
Nxd6 7. Nc3 Be7 8. O-O O-O 9. Be3 f5 10. Ne5 P@e4 11. Be2 Bf6 
12. Nxc6 bxc6 13. P@e5 Bxe5 14. dxe5 P@f3 15. Bxf3 exf3 16. Qxf3 B@g4 17. Qf4 
N@g6 18. exd6 cxd6 19. Qc4 f4 20. Qxc6 Bd7 21. Qxd6 fxe3 22. fxe3 P@f2+ 
23. Rxf2 Rxf2 24. Kxf2 B@e5 25. Qd2 Bxc3 26. P@f7+ Kxf7 27. N@d6+ Kg8 28. P@f7+ 
Kh8 29. R@g8+ Qxg8 30. fxg8=Q+ Kxg8 31. B@f7+ Kh8 32. Bxg6 R@f6+ 33. P@f5 N@e4+ 
34. Kg1 Nxd6 35. bxc3 N@e2+ 36. Kh1 Ne4 37. Q@h4 P@h5 38. Qxd7 hxg6 39. P@b7 
Raf8 40. P@e7 P@f3 41. exf8=Q+ Rxf8 42. gxf3 Bxf3+ 43. P@g2 Bxg2+ 44. Kxg2 P@f3+ 
45. Kxf3 B@g4+ 46. Qxg4 hxg4+ 47. Kxe4 gxf5+ 48. Ke5 R@e4+ 49. Kd6 P@c7+ 50. Kxc7 
Q@b6# 
{marcusm checkmated} 0-1

[Event "fics rated crazyhouse match"]
[Site "fics, Oklahoma City, OK USA"]
[Date "2000.12.26"]
[White "VampireGod"]
[WhiteElo "2299"]
[Black "marcusm"]
[BlackElo "2357"]
[TimeControl "180+0"]
[Result "1-0"]

1. e4 Nf6 2. Nc3 d5 3. exd5 Nxd5 4. d4 e6 5. Nxd5 exd5 6. Nf3 
Be7 7. Bb5+ c6 8. Bf4 N@e6 9. Be5 P@f6 10. P@c7 Nxc7 11. Bxc7 Qxc7 
12. N@h5 Rg8 13. Be2 Bg4 14. Ng3 P@e4 15. Nd2 Bxe2 16. Qxe2 Nd7 17. Ngxe4 
dxe4 18. Nxe4 N@f4 19. Qf3 B@d5 20. B@g3 Bxe4 21. Qxe4 B@d5 22. Qxf4 Qxf4 
23. Bxf4 Q@e4+ 24. P@e3 Qxg2 25. O-O-O N@e2+ 26. Kb1 Nxf4 27. N@c7+ Kf8 28. Nxa8 
Qxh1 29. Rxh1 Bxh1 30. Q@c8+ R@d8 31. R@e8+ Kxe8 32. N@c7+ Kf8 33. Q@e8+ Rxe8 
34. Qxe8# 
{marcusm checkmated} 1-0

[Event "fics rated crazyhouse match"]
[Site "fics, Oklahoma City, OK USA"]
[Date "2000.12.26"]
[White "marcusm"]
[WhiteElo "2348"]
[Black "VampireGod"]
[BlackElo "2308"]
[TimeControl "180+0"]
[Result "0-1"]

1. e4 e5 2. Nf3 Nc6 3. Bc4 Bc5 4. O-O Nf6 5. Nc3 d6 6. d3 
Nd4 7. Ng5 O-O 8. Be3 Bg4 9. Qd2 c6 10. Bxd4 exd4 11. Ne2 Bxe2 
12. Qxe2 B@h5 13. Qd2 d5 14. exd5 cxd5 15. Bb3 P@e3 16. Qe1 exf2+ 17. Qxf2 
N@g4 18. Qg3 P@f2+ 19. Kh1 Bd6 20. P@f4 Ne3 21. Rxf2 Nf5 22. Qh3 Bg4 
23. P@e5 Bxh3 24. Nxh3 Ng4 25. exd6 Nxf2+ 26. Nxf2 Qxd6 27. B@e5 Qg6 28. P@g4 
P@f3 29. gxf3 Q@e3 30. B@g1 R@h4 31. N@g5 Rxh2+ 32. Kxh2 P@g3+ 33. Kg2 gxf2 
34. Bxf2 N@h4+ 35. Bxh4 Nxh4+ 36. Kh3 Nxf3 37. N@e7+ Kh8 38. Nxg6+ fxg6 39. Bxg7+ 
Kxg7 40. P@h6+ Kxh6 41. N@f7+ Kg7 42. P@h6+ Kf6 43. Q@g7+ Ke7 
{marcusm forfeits on time} 0-1

[Event "fics rated crazyhouse match"]
[Site "fics, Oklahoma City, OK USA"]
[Date "2000.12.26"]
[White "VampireGod"]
[WhiteElo "2317"]
[Black "marcusm"]
[BlackElo "2339"]
[TimeControl "180+0"]
[Result "0-1"]

1. e4 Nf6 2. Nc3 Nc6 3. d4 e6 4. e5 Nd5 5. Nf3 Bb4 6. Bd2 
d6 7. Bd3 Nxd4 8. Nxd4 dxe5 9. Nf3 Bxc3 10. bxc3 N@f4 11. Bxf4 Nxf4 
12. Rg1 Nxd3+ 13. cxd3 B@b2 14. B@d2 Bxa1 15. Qxa1 B@g4 16. Nxe5 R@e2+ 17. Kd1 
Rxd2+ 18. Kxd2 B@f4+ 19. P@e3 Bxe5 20. N@c4 N@e4+ 21. Kc2 Bxc3 22. B@b2 Bxb2 
23. Qxb2 P@c3 24. Qb5+ B@c6 25. Qb1 P@b5 26. Ne5 Nxf2 27. B@d4 P@e4 28. N@b4 
Nxd3 29. Nxg4 Nxb4+ 30. Qxb4 P@d3+ 31. Kd1 P@c2+ 32. Kc1 N@e2# 
{VampireGod checkmated} 0-1

[Event "fics rated crazyhouse match"]
[Site "fics, Oklahoma City, OK USA"]
[Date "2000.12.26"]
[White "marcusm"]
[WhiteElo "2346"]
[Black "VampireGod"]
[BlackElo "2310"]
[TimeControl "180+0"]
[Result "0-1"]

1. e4 e5 2. Nf3 Nc6 3. d4 exd4 4. Nxd4 Nxd4 5. Qxd4 N@e6 6. Qd1 
Nf6 7. e5 Ne4 8. Qe2 d5 9. exd6 Nxd6 10. P@d5 Be7 11. dxe6 Bxe6 
12. N@d4 Bc4 13. P@d3 Bd5 14. Nc3 Bc6 15. N@f5 P@e6 16. Nxg7+ Kd7 17. P@b5 
Bxb5 18. Ndxe6 P@e4 19. Nxb5 exd3 20. Qxd3 P@e4 21. Qd1 fxe6 22. B@f7 N@c5 
23. P@b4 Qf8 24. Nxe6 Nxe6 25. Bxe6+ Kxe6 26. Nxc7+ Kd7 27. Nxa8 P@d3 28. cxd3 
Qxa8 29. dxe4 P@c2 30. Qd5 B@c6 31. N@e5+ Kc7 32. Nxc6 bxc6 33. Qe5 N@f7 
34. Qd4 N@e6 35. Qd3 N@e5 36. Qa3 Nxe4 37. B@f4 Qb7 38. P@c5 N4xc5 39. bxc5 
Bxc5 40. Qg3 Rd8 41. P@a6 Rd1+ 42. Ke2 Qxa6+ 43. P@d3 Nd4+ 44. Ke3 Nf5+ 
45. Ke4 P@d5+ 46. Kxf5 P@g6+ 47. Kf6 P@e7+ 48. Kg7 Rxf1 49. N@e6+ Kd7 50. Rxf1 
B@f6+ 51. Kxh7 Kxe6 52. N@g5+ Nxg5+ 53. Bxg5 N@f8# 
{marcusm forfeits on time} 0-1

[Event "fics rated crazyhouse match"]
[Site "fics, Oklahoma City, OK USA"]
[Date "2000.12.26"]
[White "VampireGod"]
[WhiteElo "2319"]
[Black "marcusm"]
[BlackElo "2337"]
[TimeControl "180+0"]
[Result "0-1"]

1. e4 Nf6 2. e5 Nc6 3. exf6 gxf6 4. d4 Rg8 5. Nf3 d5 6. Nc3 
Bg4 7. Be2 e6 8. h3 Bh5 9. Rg1 Bb4 10. N@g3 Bg6 11. a3 Bxc3+ 
12. bxc3 N@e4 13. Nxe4 Bxe4 14. N@h6 P@h2 15. Nxh2 Rxg2 16. Rxg2 Bxg2 17. R@g8+ 
Ke7 18. Rxg2 R@h1+ 19. B@g1 N@h4 20. Rg4 P@g2 21. Rxh4 Rxg1+ 22. Bf1 gxf1=Q+ 
23. Nxf1 B@g2 24. B@e2 B@f3 25. P@g5 Bxf1 26. gxf6+ Kd7 27. Bxf1 Bxd1 28. N@c5+ 
Kc8 29. B@a6 N@f3+ 30. Kxd1 Q@e1# 
{VampireGod checkmated} 0-1

[Event "fics rated crazyhouse match"]
[Site "fics, Oklahoma City, OK USA"]
[Date "2000.12.26"]
[White "marcusm"]
[WhiteElo "2345"]
[Black "VampireGod"]
[BlackElo "2311"]
[TimeControl "180+0"]
[Result "0-1"]

1. e4 e5 2. Nf3 Nc6 3. Bc4 Bc5 4. c3 Nf6 5. Qe2 d6 6. d3 
Bg4 7. h3 Bxf3 8. gxf3 N@d4 9. Qd1 Nxe4 10. dxe4 P@c2 11. Qd3 cxb1=Q 
12. Rxb1 Qf6 13. B@g4 N@h4 14. P@g3 Nhxf3+ 15. Kf1 P@e2+ 16. Kg2 e1=Q 17. Bg5 
Qxh1+ 18. Rxh1 Nxg5 19. N@d5 B@f3+ 20. Bxf3 Qxf3+ 21. Qxf3 Ndxf3 22. P@d7+ Kxd7 
23. B@g4+ P@e6 24. Bxf3 Nxf3 25. Kxf3 exd5 26. Q@g4+ B@e6 27. Qxg7 N@d2+ 28. Ke2 
Nxc4 29. N@f6+ Ke7 30. N@g8+ Rhxg8 31. Nxg8+ Rxg8 32. P@f6+ Kd7 33. Qxg8 Q@d2+ 
34. Kf3 Qxf2# 
{marcusm checkmated} 0-1